 Dungeon Crawl Stone Soup version 0.30-a0-341-g682706514a (webtiles) character file.

Game seed: 14264659357670114310

1486 Pooter the Chopper (level 8, -2/70 HPs)
             Began as a Minotaur Monk on Nov 1, 2022.
             Slain by a gnoll bouda
             ... wielding a +0 club
              (11 damage)
             ... on level 5 of the Dungeon.
             The game lasted 00:22:17 (4590 turns).

Pooter the Chopper (Minotaur Monk)                  Turns: 4590, Time: 00:22:18

Health: -2/70      AC:  8    Str: 17    XL:     8   Next: 50%
Magic:  7/7        EV: 10    Int:  7    God:
Gold:   545        SH:  0    Dex: 14    Spells: 7/7 levels left

rFire   . . .      SeeInvis .    a - +2 scythe (vorpal)
rCold   . . .      Faith    .    (shield currently unavailable)
rNeg    + . .      Spirit   .    n - +0 scale mail
rPois   .          Reflect  .    (helmet restricted)
rElec   .          Harm     .    (no cloak)
rCorr   .          Rampage  .    x - +1 pair of gloves
Will    .....                    (no boots)
Stlth   ..........               D - amulet of regeneration
HPRegen 1.11/turn                N - ring of positive energy
MPRegen 0.10/turn                (no ring)

@: weakened
A: horns 2, retaliatory headbutt
a: no special abilities


You were on level 5 of the Dungeon.
You visited 1 branch of the dungeon, and saw 5 of its levels.
You also visited: Ossuary.

You collected 545 gold pieces.

Inventory:

Hand Weapons
 a - a +2 vorpal scythe (weapon)
   (You took it off Sigmund on level 3 of the Dungeon)
 b - a +1 shortbow
   (You found it on level 3 of the Dungeon)
 s - a +0 hand axe
 u - a +0 sling
   (You found it on level 2 of the Dungeon)
 w - a +0 morningstar
   (You found it on level 3 of the Dungeon)
 B - a +1 flail of holy wrath
   (You took it off an orc on level 4 of the Dungeon)
Missiles
 f - 6 poisoned darts (quivered)
 g - 5 datura-tipped darts
 A - a boomerang
 Q - 54 stones
Armour
 n - a +0 scale mail (worn)
   (You found it on level 2 of the Dungeon)
 x - a +1 pair of gloves (worn)
   (You found it on level 3 of the Dungeon)
Jewellery
 p - an amulet of faith {!P}
   (You found it on level 3 of the Dungeon)
 D - an amulet of regeneration (around neck)
   (You found it on level 4 of the Dungeon)
 G - a ring of magical power
   (You found it on level 5 of the Dungeon)
 N - a ring of positive energy (left hand)
   (You found it on level 3 of the Dungeon)
 W - a ring of wizardry
   (You found it on level 2 of the Dungeon)
Wands
 d - a wand of iceblast (1)
   (You took it off an orc priest on level 4 of the Dungeon)
Scrolls
 c - a scroll of enchant armour {unknown}
 e - a scroll of immolation {unknown}
 q - a scroll of enchant weapon
 r - a scroll of noise {unknown}
 t - 2 scrolls of teleportation {@r4}
 v - a scroll of vulnerability {!r}
 y - 2 scrolls of acquirement {unknown}
 z - a scroll of blinking {unknown}
 H - a scroll of amnesia {unknown}
 I - a scroll of magic mapping {unknown}
 K - a scroll of fear {unknown}
Potions
 h - 6 potions of flight {unknown}
 j - 3 potions of lignification {unknown}
 k - 4 potions of curing {@q1}
 l - a potion of degeneration {unknown}
 m - a potion of heal wounds {@q2}
 o - 3 potions of brilliance
 C - 2 potions of might {unknown}
 E - a potion of magic {unknown}
 F - 2 potions of attraction {unknown}
 J - 2 potions of haste {unknown}


   Skills:
 + Level 6.2 Fighting
 + Level 7.0(8.4) Axes
 + Level 4.5(6.4) Maces & Flails
 * Level 5.4(7.1) Polearms
 * Level 5.9 Ranged Weapons
 - Level 3.2 Dodging
 - Level 1.5 Stealth


You had 7 spell levels left.
You didn't know any spells.
Your spell library contained the following spells:

 Spells                   Type           Power      Damage    Failure   Level
 Slow                     Hex            0%         N/A       86%         1
 Confusing Touch          Hex            0%         N/A       99%         3
 Vampiric Draining        Necr           0%         2d6       99%         3
 Petrify                  Tmut/Erth      0%         N/A       100%        4
 Metabolic Englaciation   Hex/Ice        0%         N/A       100%        5
 Statue Form              Tmut/Erth      0%         N/A       100%        6


Dungeon Overview and Level Annotations

Branches:
Dungeon (5/15)             Temple (0/1) D:5         Ossuary (visited)

Altars:
Xom

Annotations:
D:4 2 runed translucent doors, lunkers's ghost, novice MeFi


Innate Abilities, Weirdness & Mutations

You have a pair of horns on your head.
You reflexively headbutt those who attack you in melee.


Message History

You kill the gnoll!
The gnoll barely misses you. The gnoll bouda barely misses you.
The gnoll hits you from afar with a +0 halberd!
You are too injured to fight recklessly!
You are too injured to fight recklessly!
You are too injured to fight recklessly!
You are too injured to fight recklessly!
You hit the gnoll bouda.
The gnoll hits you from afar with a +0 halberd.
The gnoll bouda hits you but does no damage.
The gnoll hits you from afar with a +0 halberd.
* * * LOW HITPOINT WARNING * * *
You barely miss the gnoll bouda. You headbutt the gnoll bouda.
Your attacks no longer feel as feeble.
The gnoll closely misses you.
The gnoll bouda gazes fiercely through you!
You feel your attacks grow feeble.
The gnoll bouda hits you with a +0 club.
* * * LOW HITPOINT WARNING * * *
The gnoll closely misses you.
You closely miss the gnoll bouda. The gnoll closely misses you.
The gnoll bouda gazes fiercely through you!
You feel as though you will be weak longer.
The gnoll bouda hits you but does no damage.
The gnoll hits you from afar with a +0 halberd.
* * * LOW HITPOINT WARNING * * *
The gnoll hits you from afar with a +0 halberd.
* * * LOW HITPOINT WARNING * * *
Found 11 gold pieces.
The gnoll bouda calls upon its god to heal the gnoll.
The gnoll is healed somewhat.
The gnoll hits you with a +0 halberd!
* * * LOW HITPOINT WARNING * * *
The gnoll hits you from afar with a +0 halberd.
* * * LOW HITPOINT WARNING * * *
Things that are here:
a +0 whip; a +0 club; a gnoll corpse You barely miss the gnoll.
The gnoll bouda barely misses you.
The gnoll hits you but does no damage. x2
Unknown command.
You hit the gnoll. You headbutt the gnoll.
You kill the gnoll!
The gnoll bouda hits you with a +0 club.
* * * LOW HITPOINT WARNING * * *
The gnoll hits you but does no damage.
The gnoll bouda hits you with a +0 club.
* * * LOW HITPOINT WARNING * * *
A scorpion comes into view.
Found 11 gold pieces.
The gnoll closely misses you.
The gnoll bouda hits you with a +0 club!
You die...

#.#### .# ##.. #.#
# .#.#.$# ## #.#
#..#.#..# $ #.#
#..#.#..#.# #.#
#...#...#. ##.#
.?#...# ##..#
#..g## #..##
...#..@g########.##
#......).........#
##################


You could see a gnoll bouda and a gnoll (swift).

Vanquished Creatures
  Sigmund (D:3)
  An orc warrior (D:5)
  2 black bears
  An ice beast (D:5)
  3 phantoms
  A necrophage (D:5)
  A scorpion (D:5)
  3 orc priests
  2 hounds (D:4)
  3 iguanas
  An orc wizard (D:5)
  8 mummies (Ossuary)
  Robin (D:4)
  7 adders
  4 gnolls (D:5)
  2 dart slugs (D:1)
  11 orcs
  3 bats
  3 endoplasms
  14 giant cockroaches
  2 gnoll zombies (Ossuary)
  19 goblins
  12 hobgoblins
  6 jackals
  7 kobolds
  2 quokkas
  9 ball pythons
  2 frilled lizards
  2 hobgoblin zombies (Ossuary)
  2 kobold zombies (Ossuary)
  2 orc zombies (Ossuary)
  9 rats
146 creatures vanquished.

Vanquished Creatures (collateral kills)
  4 goblins (D:4)
  2 jackals (D:4)
6 creatures vanquished.

Vanquished Creatures (others)
  An orc priest (D:5)
  A goblin (D:4)
2 creatures vanquished.

Grand Total: 154 creatures vanquished

Notes
Turn   | Place    | Note
-------+----------+-------------------------------------------
     0 | D:1      | Pooter the Minotaur Monk began the quest for the Orb.
     0 | D:1      | Reached XP level 1. HP: 19/19 MP: 0/0
    25 | D:1      | Reached skill level 4 in Axes
    63 | D:1      | Reached XP level 2. HP: 26/27 MP: 1/1
   385 | D:1      | Reached XP level 3. HP: 33/33 MP: 2/2
   635 | D:2      | Reached skill level 5 in Axes
   700 | D:2      | Reached skill level 1 in Ranged Weapons
   726 | D:2      | Found a shimmering altar of Xom.
  1008 | D:2      | Reached XP level 4. HP: 39/41 MP: 3/3
  1451 | D:3      | Noticed Sigmund
  1461 | D:3      | Killed Sigmund
  1462 | D:3      | Reached XP level 5. HP: 33/47 MP: 4/4
  1810 | D:3      | Reached XP level 6. HP: 55/55 MP: 5/5
  2101 | D:3      | Reached skill level 5 in Fighting
  2101 | D:3      | Reached skill level 1 in Polearms
  2455 | D:4      | Reached skill level 6 in Axes
  2600 | D:4      | Found a runed translucent door.
  2605 | D:4      | Noticed lunkers's ghost (novice MeFi)
  2700 | D:4      | Found a runed translucent door.
  2707 | D:4      | Reached XP level 7. HP: 61/61 MP: 6/6
  2913 | D:4      | Noticed Robin
  2918 | D:4      | Killed Robin
  3303 | D:5      | Entered Level 5 of the Dungeon
  3337 | D:5      | Found a sand-covered staircase.
  3341 | Ossuary  | Entered an ossuary
  3986 | D:5      | Reached skill level 5 in Ranged Weapons
  3990 | D:5      | Reached XP level 8. HP: 70/70 MP: 7/7
  4061 | D:5      | Found a staircase to the Ecumenical Temple.
  4491 | D:4      | Reached skill level 5 in Polearms
  4546 | D:5      | Reached skill level 7 in Axes
  4590 | D:5      | Slain by a gnoll bouda

Illustrated notes

Levels and vault maps discovered:
D:1:      dpeg_arrival_tiny_a, layout_rooms
D:2:      cheibrodos_greedy_goblins, layout_loops_ring, basic_altar,
          minmay_misc_feat_cross, chequers_serial_rivers_micro_c
D:3:      minmay_roachtagon, layout_basic, grunt_ministairs_2, uniq_sigmund
D:4:      layout_basic, ebering_ghost_sewer_f, uniq_robin
D:5:      layout_basic, minmay_temple_entry_from_below_a, enter_ossuary_5,
          minmay_puff

Skill      XL: |  1  2  3  4  5  6  7  8 |
---------------+-------------------------+-----
Axes           | 4 5 6 7 |  7.0
Fighting       | 4 5 6 |  6.2
Ranged Weapons | 1 3 5 |  5.9
Maces & Flails | 2 3 4 |  4.5
Polearms       | 2 4 5 |  5.4
Dodging        | |  3.2
Stealth        | |  1.5

Action                   |  1- 3 |  4- 6 |  7- 9 || total
-------------------------+-------+-------+-------++-------
Melee: Hand axe          |    85 |    25 |       ||   110
       Headbutt          |    10 |     4 |    17 ||    31
       Morningstar       |       |     5 |       ||     5
       Halberd           |       |    51 |   117 ||   168
 Fire: Sling             |    18 |    13 |       ||    31
       Shortbow          |       |    20 |    61 ||    81
Throw: Dart              |       |     4 |     7 ||    11
Evoke: Wand              |       |       |     2 ||     2
  Use: Scroll            |       |     1 |     4 ||     5
       Potion            |       |       |     1 ||     1
Armor: Robe              |     1 |       |       ||     1
       Ring mail         |    39 |       |       ||    39
       Scale mail        |     1 |    39 |    44 ||    84
Dodge: Dodged            |    50 |    71 |    64 ||   185

Table legend: (Time is in decaauts)
 A = Elapsed time spent in this place.
 B = Non-inter-level travel time spent in this place.
 C = Inter-level travel time spent in this place.
 D = Time resting spent in this place.
 E = Time spent auto-exploring this place.
 F = Levels seen in this place.
 G = Mean time per level.
                   A        B        C        D        E       F      G
               +--------+--------+--------+--------+--------+-----+--------+
         Total |   4668 |   4487 |    181 |    885 |   2538 |   6 |  778.0 |
       Dungeon |   4083 |   3902 |    181 |    533 |   2457 |   5 |  816.6 |
       Ossuary |    585 |    585 |      0 |    352 |     81 |   1 |  585.0 |
               +--------+--------+--------+--------+--------+-----+--------+

Top non-repeatable levels by time:
     D:4: 1191 daAuts
     D:3: 1071 daAuts
     D:2: 791 daAuts
     D:5: 618 daAuts
 Ossuary: 585 daAuts
     D:1: 408 daAuts
